 Dungeon Crawl Stone Soup version 0.30-a0-600-gb7c8574cbb (webtiles) character file.

Game seed: 12395637358809103384

120 Citaku the Covered (level 4, -3/41 HPs)
             Began as a Minotaur Fighter on Jan 7, 2023.
             Slain by a gnoll
             ... wielding a +0 spear
              (5 damage)
             ... on level 3 of the Dungeon.
             The game lasted 00:03:20 (1804 turns).

Citaku the Covered (Minotaur Fighter)               Turns: 1804, Time: 00:03:20

Health: -3/41      AC: 12    Str: 22    XL:     4   Next: 75%
Magic:  3/3        EV:  6    Int:  5    God:
Gold:   118        SH:  4    Dex: 10    Spells: 3/3 levels left

rFire   . . .      SeeInvis .    a - +0 war axe
rCold   . . .      Faith    .    c - +0 buckler
rNeg    . . .      Spirit   .    e - +0 plate armour
rPois   .          Reflect  .    (helmet restricted)
rElec   .          Harm     .    (no cloak)
rCorr   .          Rampage  .    (no gloves)
Will    .....                    (no boots) Stlth
                                 (no amulet)
HPRegen 0.26/turn                i - ring of flight
MPRegen 0.08/turn                (no ring)

@: mighty, flying
A: horns 2, retaliatory headbutt
a: no special abilities


You were on level 3 of the Dungeon.
You visited 1 branch of the dungeon, and saw 3 of its levels.

You collected 118 gold pieces.

Inventory:

Hand Weapons
 a - a +0 war axe (weapon)
 p - a +1 short sword of venom
Armour
 c - a +0 buckler (worn)
 e - a +0 plate armour (worn)
Jewellery
 i - a ring of flight (left hand)
Wands
 n - a wand of flame (17)
Scrolls
 f - 3 scrolls of teleportation {unknown}
 g - a scroll of enchant weapon {unknown}
 h - a scroll of blinking {unknown}
 j - 3 scrolls of identify {unknown}
 k - 2 scrolls of silence {unknown}
 l - a scroll of magic mapping {unknown}
 m - a scroll of noise {unknown}
 o - 3 scrolls of enchant armour {unknown}
Potions
 b - 2 potions of curing {unknown}
 d - a potion of might
 q - a potion of ambrosia {unknown}
 r - a potion of attraction {unknown}


   Skills:
 + Level 4.4 Fighting
 * Level 4.2 Axes
 * Level 5.0 Armour
 - Level 3.6 Shields


You had 3 spell levels left.
You didn't know any spells.
Your spell library contained the following spells:

 Spells                   Type           Power      Damage    Failure   Level
 Sandblast                Erth           0%         2d4       100%        1
 Slow                     Hex            0%         N/A       100%        1
 Passwall                 Tmut/Erth      0%         N/A       100%        2
 Confusing Touch          Hex            0%         N/A       100%        3
 Stone Arrow              Conj/Erth      0%         3d7       100%        3
 Vampiric Draining        Necr           0%         2d6       100%        3
 Alistair's Intoxication  Tmut/Pois      0%         N/A       100%        5
 Borgnjor's Vile Clutch   Necr/Erth      0%         N/A       100%        5
 Eringya's Noxious Bog    Tmut/Pois      0%         N/A       100%        6


Dungeon Overview and Level Annotations

Branches:
Dungeon (3/15)

Altars:


Innate Abilities, Weirdness & Mutations

You have a pair of horns on your head.
You reflexively headbutt those who attack you in melee.


Message History

The gnoll is lightly wounded.
You barely miss the gnoll. The gnoll barely misses you. x2
You hit the gnoll.
The gnoll is moderately wounded.
You slash the gnoll! You barely miss the gnoll.
The gnoll hits you from afar with a +0 spear.
The gnoll hits you with a +0 club. You block the gnoll's attack.
The gnoll hits you but does no damage. The gnoll hits you with a +0 club.
The gnoll closely misses you. The gnoll hits you but does no damage.
The gnoll hits you with a +0 club.
You closely miss the gnoll.
The gnoll is moderately wounded.
You barely miss the gnoll. x2; The gnoll hits you but does no damage. x2
You block the gnoll's attack. The gnoll hits you but does no damage.
You slash the gnoll!
You kill the gnoll!
You barely miss the gnoll. You hit the gnoll. The gnoll barely misses you.
You block the gnoll's attack. The gnoll hits you but does no damage.
The gnoll hits you with a +0 club. The gnoll hits you with a +0 spear.
* * * LOW HITPOINT WARNING * * *
The gnoll hits you with a +0 club.
* * * LOW HITPOINT WARNING * * *
You see here a +0 club.
The gnoll hits you but does no damage. You block the gnoll's attack.
You hit the gnoll. Your headbutt misses the gnoll.
The gnoll is severely wounded.
You closely miss the gnoll. You hit the gnoll.
You kill the gnoll!
The gnoll hits you but does no damage. The gnoll barely misses you.
The gnoll hits you with a +0 spear.
* * * LOW HITPOINT WARNING * * *
The gnoll hits you with a +0 club.
* * * LOW HITPOINT WARNING * * *
Your Armour skill increases to level 5!
You slash the gnoll!
You kill the gnoll!
You hit the gnoll. You block the gnoll's attack.
You feel very mighty all of a sudden. The gnoll hits you with a +0 spear.
You die...

#<# ..# ..#
#.####### .## ###
#......######.
........
#.........g... .####
#.# ##.........S.gg
.# #.###.......# .#
#..........# .> ..#
#.##....[..# #.
#.####.##....@g.#
....##.##....)).#
##.#.##.##....=..#
.##.#.##.##.......#
#.##.#.##.##.......#
.# #.#.##.##########
####.#.##.#
........#.#
>.........#


You could see a gnoll.

Vanquished Creatures
  4 gnolls
  2 adders (D:2)
  3 worms (D:2)
  4 dart slugs
  3 orcs (D:3)
  6 ball pythons
  4 bats
  4 endoplasms
  A giant cockroach (D:2)
  A hobgoblin (D:2)
  2 jackals (D:2)
  5 kobolds
  2 quokkas
  4 frilled lizards
  3 rats
48 creatures vanquished.

Notes
Turn   | Place    | Note
-------+----------+-------------------------------------------
     0 | D:1      | Citaku the Minotaur Fighter began the quest for the Orb.
     0 | D:1      | Reached XP level 1. HP: 19/19 MP: 0/0
   508 | D:1      | Reached XP level 2. HP: 27/27 MP: 1/1
   576 | D:1      | Reached skill level 4 in Armour
  1033 | D:2      | Reached XP level 3. HP: 30/33 MP: 2/2
  1268 | D:2      | Reached XP level 4. HP: 36/40 MP: 3/3
  1676 | D:3      | Noticed a floating eye
  1683 | D:3      | Found a faded altar of an unknown god.
  1685 | D:3      | Noticed an eye of devastation
  1685 | D:3      | Noticed a floating eye
  1685 | D:3      | Noticed a great orb of eyes
  1802 | D:3      | HP: 2/41 [gnoll/+0 club (6)]
  1803 | D:3      | Reached skill level 5 in Armour
  1804 | D:3      | Slain by a gnoll

Illustrated notes

Levels and vault maps discovered:
D:1:      heliophobic_arrival_dark_side_of_the_moon, layout_basic
D:2:      layout_loops_ring, cheibrodos_gnoll_hut
D:3:      layout_loops_ring, hellmonk_ecumenical_altar_watching_god

Skill      XL: |  1  2  3  4 |
---------------+-------------+-----
Armour         | 4 5 |  5.0
Axes           | 3 4 |  4.2
Fighting       | 4 |  4.4
Shields        | |  3.6

Action                   |  1- 3 |  4- 6 || total
-------------------------+-------+-------++-------
Melee: War axe           |    68 |    37 ||   105
       Headbutt          |     8 |     5 ||    13
  Use: Potion            |       |     1 ||     1
Armor: Plate armour      |    58 |    32 ||    90
Dodge: Dodged            |    19 |    19 ||    38
Block: Buckler           |    15 |     9 ||    24

Table legend: (Time is in decaauts)
 A = Elapsed time spent in this place.
 B = Non-inter-level travel time spent in this place.
 C = Inter-level travel time spent in this place.
 D = Time resting spent in this place.
 E = Time spent auto-exploring this place.
 F = Levels seen in this place.
 G = Mean time per level.
                   A        B        C        D        E       F      G
               +--------+--------+--------+--------+--------+-----+--------+
         Total |   1840 |   1840 |      0 |      0 |   1338 |   3 |  613.3 |
       Dungeon |   1840 |   1840 |      0 |      0 |   1338 |   3 |  613.3 |
               +--------+--------+--------+--------+--------+-----+--------+

Top non-repeatable levels by time:
     D:2: 840 daAuts
     D:1: 808 daAuts
     D:3: 192 daAuts
